 Dungeon Crawl Stone Soup version bcrawl-1.21.2-20-g6d45ba5942 (webtiles) character file.

Game seed: 10800552009275535750

5121 Banto the Ascendant (level 10, 0/81 HPs)
             Began as a Demigod Wanderer on Feb 28, 2020.
             Slain by a red ugly thing (12 damage)
             ... on level 8 of the Dungeon on Mar 2, 2020.
             The game lasted 00:14:21 (9805 turns).

Banto the Ascendant (Demigod Wanderer)              Turns: 9805, Time: 00:14:22

Health: 0/81       AC:  8    Str: 19    XL:     10   Next: 32%
Magic:  21/21      EV: 10    Int: 15    God:    Demigod [****..]
Gold:   386        SH:  0    Dex: 20    Spells: 9/9 levels left

rFire    . . .     SeeInvis .   a - +3 hand axe (elec)
rCold    . . .     Gourm    .   (no shield)
rNeg     . . .     Faith    .   l - +0 scale mail
rPois    .         Spirit   .   (no helmet)
rElec    .         Reflect  .   c - +0 cloak
rCorr    .         Harm     .   (no gloves)
MR       +....                  (no boots)
Stlth    ..........             h - amulet of the acrobat
HPRegen  0.23/turn              m - +1 ring of evasion
MPRegen  0.17/turn              (no ring)

@: no status effects
A: high mp 1
a: Temporal Distortion, Growth, Major Destruction, Heroism


You were on level 8 of the Dungeon.
You worshipped Demigod.
Demigod was greatly pleased with you.
You were not hungry.

You visited 1 branch of the dungeon, and saw 8 of its levels.

You collected 386 gold pieces.

Inventory:

Hand Weapons
 a - a +3 hand axe of electrocution (weapon)
 b - a +1 dagger of venom
 k - a +0 blowgun
 v - a +0 trident
Missiles
 g - 71 needles of confusion
 n - 85 poisoned needles
 o - 71 needles of frenzy
 C - 2 throwing nets (quivered) {!f}
Armour
 c - a +0 cloak (worn)
 l - a +0 scale mail (worn)
Jewellery
 h - an amulet of the acrobat (around neck)
 m - a +1 ring of evasion (left hand)
Wands
 d - a wand of flame (8)
 x - a wand of polymorph (28)
 y - a wand of digging (9)
 B - a wand of acid (3)
Scrolls
 f - a scroll of magic mapping
 p - 4 scrolls of teleportation
 q - 4 scrolls of remove curse
 s - 2 scrolls of fog
 w - a scroll of identify
Potions
 i - 2 potions of brilliance
 r - a potion of ambrosia
 t - 2 potions of curing
 u - 2 potions of mutation
 z - a potion of lignification
Comestibles
 e - 20 rations {!d}
 A - 3 chunks of flesh


   Skills:
 - Level 5.0 Fighting
 - Level 1.7(6.5) Axes
 + Level 9.9(10.0) Polearms
   Level 2.0 Crossbows
 - Level 1.0 Throwing
 - Level 5.1 Armour
 - Level 10.0 Invocations
 - Level 1.0 Evocations


You had 9 spell levels left.
You didn't know any spells.
Your spell library was empty.

Dungeon Overview and Level Annotations

Branches:
Dungeon (8/12)             Temple (0/1) D:7            Lair (0/6) D:7
    Orc: D:8-11

Shops:
D:8 *

Annotations:
D:8 Erica, Grum


Innate Abilities, Weirdness & Mutations

You have an increased reservoir of magic. (+10% MP)


Message History

The red ugly thing gores you but does no damage.
You slash the red ugly thing!
The red ugly thing is severely wounded.
The red ugly thing gores you but does no damage.
You feel much better.
The red ugly thing gores you but does no damage.
The red ugly thing closely misses you. The ogre closely misses you.
You hit the red ugly thing.
The red ugly thing is severely wounded.
You barely miss the ogre. The red ugly thing gores you!
* * * LOW HITPOINT WARNING * * *
You are engulfed in flames!
* * * LOW HITPOINT WARNING * * *
Unknown command.
You feel much better. The ogre closely misses you.
The red ugly thing gores you!
* * * LOW HITPOINT WARNING * * *
You are engulfed in flames!
You die...
Your divinity fades.

. #......... .## #
#.#.#....## ...### #
#.........##.....# .
#.#.#.#....#....
#....#.....##.#
##.#.#.#.#.....#
####..............##
......#.......#.u..###
####...........O@....#
#..#.#.....#.#....##
#...#.......#......#
#..#.#.#...#.#.#...#
#.....#......(.....#
#..#.#.#.#.#.#.#.#.#
#.... .............#
#... ..########.####
#### #.#


You could see a red ugly thing and an ogre.

Vanquished Creatures
  A two-headed ogre (D:7)
  A kobold demonologist (D:8)
  2 trolls (D:7)
  Sigmund (D:5)
  A yak (D:7)
  A wraith (D:6)
  Duvessa (D:7)
  2 porcupines (D:7)
  3 sky beasts
  2 ice beasts
  2 orc warriors
  2 phantoms
  3 ogres
  A necrophage (D:6)
  2 wolves (D:7)
  4 bullfrogs
  4 big kobolds
  Dowan (D:7)
  A water moccasin skeleton (D:6)
  A scorpion (D:7)
  A howler monkey (D:2)
  A wight (D:8)
  5 crimson imps
  A jelly (D:6)
  An orc priest (D:5)
  Crazy Yiuf (D:6)
  A centaur skeleton (D:4)
  2 hounds
  6 orc wizards
  A bullfrog skeleton (D:8)
  3 iguanas
  5 worker ants
  A hound zombie (D:6)
  3 gnolls (D:8)
  4 adders
  A howler monkey skeleton (D:7)
  A shadow imp (D:7)
  5 oozes
  An adder skeleton (D:7)
  2 worms
  6 dart slugs
  A leopard gecko (D:1)
  16 orcs
  9 bats
  5 giant cockroaches
  4 goblins
  10 hobgoblins
  10 jackals
  17 kobolds
  4 quokkas
  3 ball pythons
  4 frilled lizards
  A jackal zombie (D:7)
  13 rats
185 creatures vanquished.

Vanquished Creatures (others)
  4 fungi (D:7)
  A plant (D:7)
5 creatures vanquished.

Grand Total: 190 creatures vanquished

Notes
Turn   | Place    | Note
-------+----------+-------------------------------------------
     0 | D:1      | Banto the Demigod Wanderer began the quest for the Orb.
     0 | D:1      | Banto set off with the following items: a +2 hand crossbow,
                  | 123 bolts, a +0 ring mail, a wand of random effects (15), a
                  | ration {!d}
     0 | D:1      | Reached XP level 1. HP: 17/17 MP: 3/3
    33 | D:1      | Reached XP level 2. HP: 24/24 MP: 5/5
   218 | D:1      | Reached * piety under Demigod
   427 | D:1      | Reached XP level 3. HP: 30/30 MP: 6/6
   638 | D:1      | Reached skill level 1 in Invocations
  1120 | D:2      | Reached skill level 2 in Invocations
  1120 | D:2      | Reached XP level 4. HP: 26/38 MP: 6/8
  1578 | D:2      | Found a burning altar of Makhleb.
  1578 | D:2      | Found an ancient bone altar of Kikubaaqudgha.
  1757 | D:2      | Reached ** piety under Demigod
  1919 | D:3      | Reached XP level 5. HP: 37/45 MP: 9/9
  1983 | D:3      | Reached skill level 3 in Invocations
  2598 | D:4      | Noticed a sky beast
  2634 | D:4      | Killed a sky beast
  2634 | D:4      | Reached skill level 4 in Invocations
  2634 | D:4      | Reached XP level 6. HP: 28/52 MP: 11/11
  3808 | D:5      | Entered Level 5 of the Dungeon
  3825 | D:4      | Reached XP level 7. HP: 9/60 MP: 13/13
  3825 | D:4      | Reached skill level 5 in Invocations
  4317 | D:5      | Noticed Sigmund
  4333 | D:5      | Killed Sigmund
  4333 | D:5      | Reached skill level 1 in Polearms
  4808 | D:5      | Reached skill level 5 in Fighting
  5147 | D:5      | Reached skill level 5 in Armour
  5147 | D:5      | Reached XP level 8. HP: 19/68 MP: 15/15
  6020 | D:6      | Noticed a troll
  6164 | D:6      | Reached *** piety under Demigod
  6322 | D:6      | Reached skill level 5 in Polearms
  6518 | D:6      | Reached skill level 6 in Invocations
  6734 | D:6      | Found a runed door.
  6922 | D:6      | Noticed Crazy Yiuf
  6929 | D:6      | Killed Crazy Yiuf
  7112 | D:7      | Reached XP level 9. HP: 55/74 MP: 17/17
  7191 | D:7      | Found a staircase to the Ecumenical Temple.
  7284 | D:7      | Reached skill level 7 in Invocations
  7377 | D:7      | Found an ancient bone altar of Kikubaaqudgha.
  7385 | D:7      | Killed a troll
  7736 | D:7      | Noticed a troll
  7818 | D:7      | Noticed a two-headed ogre
  7844 | D:7      | Killed a troll
  7844 | D:7      | Reached skill level 8 in Invocations
  7861 | D:7      | Noticed Duvessa
  7863 | D:7      | Noticed Dowan
  8325 | D:7      | Killed Duvessa
  8567 | D:7      | Found a bloodstained altar of Trog.
  8570 | D:7      | Found a sparkling altar of Nemelex Xobeh.
  8573 | D:7      | Found a shimmering altar of Xom.
  8757 | D:7      | Found a glowing silver altar of Zin.
  8758 | D:7      | Found an opulent altar of Gozag.
  8978 | D:7      | Killed a two-headed ogre
  8978 | D:7      | Reached skill level 9 in Invocations
  8978 | D:7      | Reached XP level 10. HP: 34/81 MP: 18/20
  9051 | D:7      | Killed Dowan
  9346 | D:7      | Found a staircase to the Lair.
  9431 | D:8      | Noticed Grum
  9582 | D:8      | Reached skill level 10 in Invocations
  9623 | D:8      | Noticed Erica
  9714 | D:8      | Found Imepnooth's General Store.
  9727 | D:8      | Reached **** piety under Demigod
  9794 | D:8      | Noticed a red ugly thing
  9804 | D:8      | HP: 3/81 [red ugly thing (13)]
  9805 | D:8      | Slain by a red ugly thing

Skill      XL: |  1  2  3  4  5  6  7  8  9 10 |
---------------+-------------------------------+-----
Crossbows      | 2 |  2.0
Armour         | 2 3 4 5 |  5.1
Fighting       | 2 3 4 5 |  5.0
Invocations    | 2 4 5 6 9 10 | 10.0
Polearms       | 2 6 9 |  9.9
Axes           | |  1.7
Throwing       | |  1.0
Evocations     | |  1.0

Action                   |  1- 3 |  4- 6 |  7- 9 | 10-12 || total
-------------------------+-------+-------+-------+-------++-------
Melee: Dagger            |   113 |   232 |    94 |       ||   439
       Hand axe          |       |       |   199 |    63 ||   262
 Fire: Hand crossbow     |    13 |       |       |       ||    13
Invok: Major Destruction |       |       |     4 |     1 ||     5
Evoke: Wand              |       |       |    15 |     2 ||    17
  Use: Scroll            |       |    11 |     5 |       ||    16
       Potion            |       |       |       |     3 ||     3
  Eat: Chunk             |     1 |     9 |    13 |     2 ||    25
       Ration            |       |       |     1 |       ||     1
Armor: Ring mail         |    23 |       |       |       ||    23
       Scale mail        |    11 |   110 |    82 |    31 ||   234
Dodge: Dodged            |    53 |   168 |   159 |    48 ||   428
